 Dungeon Crawl Stone Soup version 0.27.1-3-gb3d3a73c9e (webtiles) character file.

Game seed: 6430887855470837849

79 pkoi the Insei (level 4, -6/28 HPs)
             Began as an Octopode Transmuter on Oct 24, 2021.
             Was an Initiate of Dithmenos.
             Killed from afar by Ijyb (18 damage)
             ... with an iceblast
             ... on level 3 of the Dungeon.
             The game lasted 00:03:42 (2272 turns).

pkoi the Insei (Octopode Transmuter)                Turns: 2272, Time: 00:03:43

Health: -6/28      AC:  1    Str:  9    XL:     4   Next: 37%
Magic:  7/7        EV: 13    Int: 16    God:    Dithmenos [......]
Gold:   96         SH:  0    Dex: 12    Spells: 3/7 levels left

rFire    . . .     SeeInvis .     - Unarmed
rCold    . . .     Faith    .   (no shield)
rNeg     . . .     Spirit   .   (helmet restricted)
rPois    .         Reflect  .   (no amulet)
rElec    .         Harm     .   (no ring)
rCorr    .         Rampage  .   (no ring)
Will     .....                  (no ring)
Stlth    ++........             (no ring)
HPRegen  0.09/turn              (no ring)
MPRegen  0.10/turn              (no ring)
                                (no ring)
                                (no ring)

@: no status effects
A: almost no armour, amphibious, 8 rings, camouflage 1, gelatinous body 1,
(nimble swimmer 1), tentacles
a: Renounce Religion


You were on level 3 of the Dungeon.
You worshipped Dithmenos.
Dithmenos was noncommittal.
You visited 1 branch of the dungeon, and saw 3 of its levels.

You collected 96 gold pieces.

Inventory:

Missiles
 a - 2 poisoned darts
Armour
 j - a +0 cloak
Scrolls
 b - 2 scrolls of magic mapping {unknown}
 c - a scroll of noise {unknown}
 e - a scroll of enchant armour {unknown}
 g - 2 scrolls of teleportation {unknown}
 h - a scroll of enchant weapon {unknown}
Potions
 d - a potion of curing {unknown}
 f - a potion of berserk rage {unknown}
 i - a potion of attraction {unknown}


   Skills:
 - Level 1.0 Fighting
 - Level 2.0 Dodging
 + Level 4.4 Unarmed Combat
 - Level 2.0 Spellcasting
 + Level 2.5 Transmutations
 + Level 1.6 Poison Magic


You had 3 spell levels left.
You knew the following spells:

 Your Spells              Type           Power      Damage    Failure   Level
a - Beastly Appendage     Tmut           18%        N/A       8%          1
b - Spider Form           Tmut/Pois      4%         N/A       26%         3

Your spell library contained the following spells:

 Spells                   Type           Power      Damage    Failure   Level
 Wereblood                Tmut           9%         N/A       11%         2
 Ignite Poison            Fire/Tmut/Pois 6%         N/A       34%         3
 Mephitic Cloud           Conj/Pois/Air  3%         N/A       45%         3
 Ice Form                 Ice/Tmut       5%         N/A       77%         4
 Bolt of Magma            Conj/Fire/Erth 0%         4d4       99%         5


Dungeon Overview and Level Annotations

Branches:
Dungeon (3/15)

Altars:
Dithmenos

Annotations:
D:3 Ijyb


Innate Abilities, Weirdness & Mutations

You cannot wear most types of armour.
You are amphibious.
You can wear up to eight rings at the same time.
Your skin changes colour to match your surroundings (Stealth+).
Your rubbery body absorbs attacks. (AC +1, EV +1)
((You are camouflaged near water. (Stealth+)))
You have tentacles for arms and can constrict up to eight enemies at once.


Message History

The jackal bites you but does no damage.
The endoplasm misses you.
You closely miss the jackal. Your grab misses the jackal.
The jackal barely misses you. The endoplasm freezes you.
You are frozen.
You barely miss the jackal. Your grab misses the jackal.
The jackal barely misses you. The endoplasm freezes you.
You are frozen.
The jackal misses you.
You are too injured to fight recklessly!
You are too injured to fight recklessly!
You are too injured to fight recklessly!
The jackal misses you. The jackal completely misses you.
You closely miss the jackal. You grab the jackal. You constrict the jackal.
The jackal bites you.
You tentacle-slap the jackal.
The jackal is heavily wounded.
You constrict the jackal. The jackal closely misses you.
You tentacle-slap the jackal.
You kill the jackal!
Dithmenos accepts your kill.
You tentacle-slap the endoplasm.
You kill the endoplasm!
Dithmenos accepts your kill.
You start resting.
HP restored.
There is a stone staircase leading down here.
You climb downwards.
Level annotation: Ijyb The jackal bites you.
The jackal misses you.
Ijyb zaps a wand.
The mass of ice explodes!
The iceblast engulfs you!
Ouch! That really hurt!
* * * LOW HITPOINT WARNING * * *
The iceblast engulfs the jackal!
The jackal dies!
Ijyb zaps a wand.
The mass of ice explodes!
The iceblast engulfs you!!
Ouch! That really hurt!
You die...

### ## #.# ##.#.. . #.#
#..#.# .# #.# #..#.##.#
###.########..^....
#.....@...#......#
#.#(##†.......#..#
#.#.##..>.g...#..#
#.#....)#...#....#####.
#.#.##..#.#...##.##....
#.........#..###.......
###>.............#..##.
######...####........
#...##..§≈#.#≈§.


You could see Ijyb.

Vanquished Creatures
  A howler monkey skeleton (D:3)
  2 adders (D:2)
  2 worms (D:2)
  A dart slug (D:1)
  3 endoplasms
  6 giant cockroaches
  2 goblins
  3 hobgoblins
  A jackal (D:2)
  3 kobolds (D:1)
  3 quokkas
  5 ball pythons (D:1)
  4 bats (D:1)
  2 frilled lizards
  3 rats (D:1)
41 creatures vanquished.

Vanquished Creatures (others)
  A jackal (D:3)
1 creature vanquished.

Grand Total: 42 creatures vanquished

Notes
Turn   | Place    | Note
-------+----------+-------------------------------------------
     0 | D:1      | pkoi the Octopode Transmuter began the quest for the Orb.
     0 | D:1      | Reached XP level 1. HP: 13/13 MP: 3/3
   183 | D:1      | Reached XP level 2. HP: 18/18 MP: 5/5
   833 | D:1      | Reached skill level 4 in Unarmed Combat
   892 | D:1      | Reached XP level 3. HP: 17/23 MP: 6/6
   973 | D:1      | Learned a level 3 spell: Spider Form
  1062 | D:1      | Found a faded altar of an unknown god.
  1266 | D:2      | Found a shadowy altar of Dithmenos.
  1291 | D:2      | Became a worshipper of Dithmenos the Shadowed
  1600 | D:2      | Reached skill level 1 in Poison Magic
  1851 | D:2      | Reached XP level 4. HP: 22/28 MP: 5/7
  2157 | D:3      | Noticed Ijyb
  2272 | D:3      | Killed from afar by Ijyb

Illustrated notes

Levels and vault maps discovered:
D:1:      minmay_arrival_cross, layout_basic,
          shapermc_ecumenical_altar_notcrosses, hangedman_decor_clover_reticule,
          minmay_misc_feat_x, minmay_pentomino_r4
D:2:      layout_loops_ring, basic_altar, minmay_worlds_worst_comb
D:3:      layout_loops_cross, mainiacjoe_overflow_tiny_flanked,
          chequers_temple_overflow_minitemple, chequers_serial_rivers_marsh,
          grunt_decor_junction, uniq_crazy_yiuf_cottage, uniq_ijyb, uniq_natasha

Skill      XL: |  1  2  3 |
---------------+----------+-----
Unarmed Combat | 4 |  4.4
Poison Magic   | 1 |  1.6
Fighting       | |  1.0
Dodging        | |  2.0
Spellcasting   | |  2.0
Transmutations | |  2.5

Action                   |  1- 3 |  4- 6 || total
-------------------------+-------+-------++-------
Melee: Unarmed           |    76 |    12 ||    88
       Constrict         |    22 |     2 ||    24
       Tentacles         |     8 |     3 ||    11
       Punch             |     3 |       ||     3
       Kick              |     8 |       ||     8
Throw: Dart              |    16 |       ||    16
 Cast: Beastly Appendage |    14 |       ||    14
 Stab: Sleeping          |     7 |     2 ||     9
Armor: Skin              |     6 |     1 ||     7
Dodge: Dodged            |    41 |    12 ||    53
